Wild vs Avalanche

Created - October 12 2011 at 17:49

Goals
1 2 3 T
Wild 1 2 1 4
Avalanche 1 1 1 3
Shots
1 2 3 T
Wild 7 12 6 25
Avalanche 15 14 13 42

Period #1

1. Avalanche , Daniel Briere 3 (Teemu Selanne, T.J. Oshie) at 12:30 (PP)
2. Wild , Mikhail Grabovski 2 (Marc-Andre Bergeron, Joni Pitkanen) at 17:10 (PP)

Penalties :
Ryan Whitney (MIN) for Hooking (Minor) at 0:08, Ruslan Fedotenko (MIN) for Tripping (Minor) at 2:47, Brian Rafalski (MIN) for Diving (Minor) at 12:08, Tomas Kopecky (COL) for Hooking (Minor) at 14:35, Joni Pitkanen (MIN) for Tripping (Minor) at 14:35, Kevin Klein (COL) for High sticking (Minor) at 15:53, Jay Leach (MIN) for Hooking (Minor) at 17:24

Period #2

3. Wild , Mikhail Grabovski 3 (Joni Pitkanen, Marc-Andre Bergeron) at 3:22 (PP)
4. Wild , Brian Rafalski 2 (Bobby Ryan, Erik Cole) at 13:35 (PP)
5. Avalanche , Milan Hejduk 2 (John Carlson, Jason Demers) at 19:23

Penalties :
Kevin Klein (COL) for Cross-checking (Minor) at 1:24, Brian Rafalski (MIN) for Tripping (Minor) at 9:31, Vinny Prospal (COL) for Roughing (Minor) at 13:15, Ruslan Fedotenko (MIN) for Roughing (Double Minor) at 13:49

Period #3

6. Wild , Bobby Ryan 4 (Ryan Whitney) at 8:14 (PP)
7. Avalanche , Tomas Kopecky 1 (Daniel Briere) at 18:21

Penalties :
Ruslan Fedotenko (MIN) for Hooking (Minor) at 1:53, Vinny Prospal (COL) for Slashing (Minor) at 7:31, Ryan Whitney (MIN) for Interference (Minor) at 13:56, Jay Leach (MIN) for Holding (Minor) at 18:46

Goalie Stats

Roberto Luongo (MIN), 39 saves from 42 shots - (0.929), W, 2-2-0, 60:00 minutes
Semyon Varlamov (COL), 21 saves from 25 shots - (0.840), L, 0-2-0, 59:05 minutes

Players Stats

Wild
Player Name              G  A  P  +/- PIM S  H  SB FO    MP 
------------------------------------------------------------
Alexei Ponikarovsky      0  0  0   0  0   0  0  0  0/0   1  
Andrew Ebbett            0  0  0   0  0   0  0  0  0/1   1  
Bobby Ryan               1  1  2  -1  0   4  0  0  17/37 23 
Brian Rafalski           1  0  1  -1  4   2  4  1  0/0   22 
Brian Willsie            0  0  0  -1  0   2  0  0  0/0   13 
Chad LaRose              0  0  0   0  0   1  2  0  2/3   15 
Dustin Penner            0  0  0  -1  0   3  0  0  4/5   22 
Erik Cole                0  1  1  -1  0   1  4  0  1/1   22 
Jassen Cullimore         0  0  0   0  0   0  2  0  0/0   13 
Jay Leach                0  0  0   0  4   0  1  3  0/0   13 
Joel Ward                0  0  0   0  0   0  1  0  1/1   13 
Joni Pitkanen            0  2  2  -1  2   0  0  2  0/0   23 
Marc-Andre Bergeron      0  2  2   0  0   0  1  1  0/0   6  
Michal Rozsival          0  0  0  -2  0   0  2  1  0/0   21 
Mikhail Grabovski        2  0  2  -1  0   6  0  0  16/29 18 
Nik Antropov             0  0  0   0  0   2  2  0  13/23 19 
Ruslan Fedotenko         0  0  0  -1  8   1  2  0  0/0   15 
Ryan Whitney             0  1  1   0  4   3  1  0  0/0   21 
Avalanche
Player Name              G  A  P  +/- PIM S  H  SB FO    MP 
------------------------------------------------------------
Bryan Bickell            0  0  0   1  0   1  2  0  1/1   3  
Daniel Briere            1  1  2   1  0   2  1  0  16/36 20 
Derek Stepan             0  0  0   0  0   5  0  0  11/21 14 
Jason Demers             0  1  1   2  0   1  1  0  0/0   21 
John Carlson             0  1  1   1  0   1  0  3  0/0   22 
Justin Abdelkader        0  0  0   0  0   2  2  0  2/5   12 
Kevin Klein              0  0  0   1  4   2  2  2  0/0   22 
Kevin Shattenkirk        0  0  0   0  0   2  2  0  0/0   23 
Michael Sauer            0  0  0   0  0   1  1  0  0/0   17 
Mike Knuble              0  0  0   0  0   3  1  0  0/0   19 
Milan Hejduk             1  0  1   1  0   4  0  0  1/4   21 
Olli Jokinen             0  0  0   1  0   3  0  0  13/24 20 
Paul Mara                0  0  0   0  0   0  4  1  0/0   15 
Shawn Horcoff            0  0  0   0  0   1  0  0  0/4   3  
T.J. Oshie               0  1  1   0  0   6  4  0  0/1   20 
Teemu Selanne            0  1  1   0  0   3  1  0  1/1   20 
Tomas Kopecky            1  0  1   1  2   4  0  0  0/1   9  
Vinny Prospal            0  0  0   1  4   1  0  0  1/2   12 

3 Stars

1 - Daniel Briere (COL)
2 - Mikhail Grabovski (MIN)
3 - Bobby Ryan (MIN)

Power Play

Wild - 4 on 4 Attempt(s) - 100.00%
Avalanche - 1 on 10 Attempt(s) - 10.00%

Penalty Kill

Wild - 9 on 10 Attempt(s) - 90.00% - Score 0 goal in Penalty Kill
Avalanche - 0 on 4 Attempt(s) - 0.00% - Score 0 goal in Penalty Kill

Game Notes

No Game Note

Finance

Level 1 -- Attendance: 5745 (88.38%) -- Ticket Income $517,050.00
Level 2 -- Attendance: 3946 (78.92%) -- Ticket Income $236,760.00
Level 3 -- Attendance: 2216 (63.31%) -- Ticket Income $99,720.00
Level 4 -- Attendance: 1627 (81.07%) -- Ticket Income $40,675.00
Luxury Box -- Attendance: 911 (91.10%) -- Ticket Income $173,090.00
Game was played at the Pepsi Center
Total Attendance: 14445 (80.22%)
Total Ticket Income: $1,076,760.00
Other Income: $211,426.80
Total Income: $1,288,187.00


Play by Play

Period #1

0:01 of 1st period - Daniel Briere wins face-off versus Bobby Ryan in neutral zone.
0:06 of 1st period - Shot by Teemu Selanne.
0:06 of 1st period - Stopped by Roberto Luongo with a rebound.
0:08 of 1st period - Shot by Kevin Klein.
0:08 of 1st period - Stopped by Roberto Luongo without a rebound.
0:08 of 1st period - Minor Penalty to Ryan Whitney for Hooking.
0:09 of 1st period - Nik Antropov wins face-off versus Milan Hejduk in Wild zone.
0:28 of 1st period - Shot by Milan Hejduk.
0:28 of 1st period - Shot Misses the Net.
0:30 of 1st period - Shot by Kevin Klein.
0:30 of 1st period - Stopped by Roberto Luongo without a rebound.
0:31 of 1st period - Nik Antropov wins face-off versus Daniel Briere in Wild zone.
1:33 of 1st period - Milan Hejduk is hit by Marc-Andre Bergeron and loses puck.
2:36 of 1st period - Shot by Nik Antropov.
2:36 of 1st period - Shot Hit the Post.
2:38 of 1st period - Shot by Chad LaRose.
2:38 of 1st period - Deflect By Nik Antropov.
2:38 of 1st period - Stopped by Semyon Varlamov with a rebound.
2:47 of 1st period - Minor Penalty to Ruslan Fedotenko for Tripping.
2:48 of 1st period - Daniel Briere wins face-off versus Bobby Ryan in Wild zone.
4:05 of 1st period - Off-side.
4:06 of 1st period - Daniel Briere wins face-off versus Bobby Ryan in neutral zone.
4:21 of 1st period - T.J. Oshie is hit by Nik Antropov and loses puck.
4:32 of 1st period - Shot by Teemu Selanne.
4:32 of 1st period - Shot Misses the Net.
4:34 of 1st period - Shot by Teemu Selanne.
4:34 of 1st period - Shot Misses the Net.
4:50 of 1st period - Shot by Derek Stepan.
4:50 of 1st period - Stopped by Roberto Luongo without a rebound.
4:51 of 1st period - Derek Stepan wins face-off versus Mikhail Grabovski in Wild zone.
4:58 of 1st period - Icing by Joel Ward.
4:59 of 1st period - Derek Stepan wins face-off versus Mikhail Grabovski in Wild zone.
5:00 of 1st period - Shot by Michael Sauer.
5:00 of 1st period - Stopped by Roberto Luongo without a rebound.
5:01 of 1st period - Chad LaRose wins face-off versus Justin Abdelkader in Wild zone.
5:20 of 1st period - Shot by Mike Knuble.
5:20 of 1st period - Shot Misses the Net.
5:22 of 1st period - Shot by Mike Knuble.
5:22 of 1st period - Stopped by Roberto Luongo without a rebound.
5:23 of 1st period - Mikhail Grabovski wins face-off versus Tomas Kopecky in Wild zone.
5:23 of 1st period - Joni Pitkanen is hit by Bryan Bickell and loses puck.
5:31 of 1st period - Shawn Horcoff is hit by Michal Rozsival and loses puck.
5:38 of 1st period - Shot by Shawn Horcoff.
5:38 of 1st period - Stopped by Roberto Luongo without a rebound.
5:39 of 1st period - Olli Jokinen wins face-off versus Bobby Ryan in Wild zone.
5:39 of 1st period - Olli Jokinen is hit by Brian Rafalski.
5:56 of 1st period - Off-side.
5:57 of 1st period - Mikhail Grabovski wins face-off versus Derek Stepan in neutral zone.
5:57 of 1st period - Brian Willsie is hit by Justin Abdelkader and loses puck.
6:22 of 1st period - Shot by Derek Stepan.
6:22 of 1st period - Stopped by Roberto Luongo with a rebound.
6:34 of 1st period - Shot by Derek Stepan.
6:34 of 1st period - Shot Misses the Net.
6:43 of 1st period - Michal Rozsival is hit by Kevin Shattenkirk.
6:55 of 1st period - Shot by Erik Cole.
6:55 of 1st period - Shot Misses the Net.
7:09 of 1st period - Shot by Erik Cole.
7:09 of 1st period - Shot Misses the Net.
7:11 of 1st period - Shot by Dustin Penner.
7:11 of 1st period - Deflect By Bobby Ryan.
7:11 of 1st period - Shot Misses the Net.
7:13 of 1st period - Shot by Bobby Ryan.
7:13 of 1st period - Shot Blocked by Kevin Klein.
7:15 of 1st period - Shot by Brian Rafalski.
7:15 of 1st period - Stopped by Semyon Varlamov with a rebound.
7:19 of 1st period - Shot by Bobby Ryan.
7:19 of 1st period - Stopped by Semyon Varlamov without a rebound.
7:20 of 1st period - Chad LaRose wins face-off versus Vinny Prospal in Avalanche zone.
7:51 of 1st period - Shot by Chad LaRose.
7:51 of 1st period - Shot Misses the Net.
7:55 of 1st period - Shot by Jassen Cullimore.
7:55 of 1st period - Deflect By Nik Antropov.
7:55 of 1st period - Shot Misses the Net.
7:59 of 1st period - Shot by Nik Antropov.
7:59 of 1st period - Shot Misses the Net.
9:16 of 1st period - Shot by Mikhail Grabovski.
9:16 of 1st period - Shot Blocked by John Carlson.
9:18 of 1st period - Shot by Mikhail Grabovski.
9:18 of 1st period - Stopped by Semyon Varlamov without a rebound.
9:19 of 1st period - Daniel Briere wins face-off versus Nik Antropov in Avalanche zone.
9:19 of 1st period - Daniel Briere is hit by Joel Ward.
9:30 of 1st period - Off-side.
9:31 of 1st period - Nik Antropov wins face-off versus Derek Stepan in neutral zone.
9:31 of 1st period - Nik Antropov is hit by Justin Abdelkader.
9:49 of 1st period - Shot by Mike Knuble.
9:49 of 1st period - Shot Misses the Net.
10:44 of 1st period - T.J. Oshie is hit by Erik Cole and loses puck.
10:59 of 1st period - Shot by Teemu Selanne.
10:59 of 1st period - Shot Misses the Net.
11:01 of 1st period - Shot by Teemu Selanne.
11:01 of 1st period - Deflect By T.J. Oshie.
11:01 of 1st period - Stopped by Roberto Luongo without a rebound.
11:02 of 1st period - Bryan Bickell wins face-off versus Mikhail Grabovski in Wild zone.
11:14 of 1st period - Icing by Kevin Klein.
11:15 of 1st period - Mikhail Grabovski wins face-off versus Shawn Horcoff in Avalanche zone.
11:24 of 1st period - Shot by Brian Willsie.
11:24 of 1st period - Shot Misses the Net.
11:42 of 1st period - Shot by Brian Willsie.
11:42 of 1st period - Stopped by Semyon Varlamov without a rebound.
11:43 of 1st period - Bobby Ryan wins face-off versus Derek Stepan in Avalanche zone.
12:08 of 1st period - Minor Penalty to Brian Rafalski for Diving.
12:09 of 1st period - Daniel Briere wins face-off versus Nik Antropov in Wild zone.
12:30 of 1st period - Shot by Daniel Briere.
12:30 of 1st period - Goal by Daniel Briere - Wild : 0 - Avalanche : 1.
12:31 of 1st period - Derek Stepan wins face-off versus Bobby Ryan in neutral zone.
12:54 of 1st period - Derek Stepan is hit by Ryan Whitney and loses puck.
13:01 of 1st period - Shot by Justin Abdelkader.
13:01 of 1st period - Shot Misses the Net.
13:03 of 1st period - Shot by Mike Knuble.
13:03 of 1st period - Shot Misses the Net.
13:05 of 1st period - Shot by Justin Abdelkader.
13:05 of 1st period - Stopped by Roberto Luongo with a rebound.
14:19 of 1st period - Shot by T.J. Oshie.
14:19 of 1st period - Stopped by Roberto Luongo without a rebound.
14:20 of 1st period - Derek Stepan wins face-off versus Nik Antropov in Wild zone.
14:24 of 1st period - Justin Abdelkader is hit by Jassen Cullimore.
14:34 of 1st period - Shot by Derek Stepan.
14:34 of 1st period - Stopped by Roberto Luongo without a rebound.
14:35 of 1st period - Mikhail Grabovski wins face-off versus Shawn Horcoff in Wild zone.
14:35 of 1st period - Minor Penalty to Tomas Kopecky for Hooking.
14:35 of 1st period - Minor Penalty to Joni Pitkanen for Tripping.
14:36 of 1st period - Mikhail Grabovski wins face-off versus Milan Hejduk in Wild zone.
15:36 of 1st period - Shot by Ryan Whitney.
15:36 of 1st period - Stopped by Semyon Varlamov with a rebound.
15:42 of 1st period - Shot by Erik Cole.
15:42 of 1st period - Shot Misses the Net.
15:44 of 1st period - Shot by Bobby Ryan.
15:44 of 1st period - Shot Blocked by Kevin Klein.
15:53 of 1st period - Minor Penalty to Kevin Klein for High sticking.
15:54 of 1st period - Mikhail Grabovski wins face-off versus Milan Hejduk in Avalanche zone.
16:14 of 1st period - Shot by Andrew Ebbett.
16:14 of 1st period - Deflect By Alexei Ponikarovsky.
16:14 of 1st period - Shot Hit the Post.
16:16 of 1st period - Shot by Alexei Ponikarovsky.
16:16 of 1st period - Shot Misses the Net.
16:22 of 1st period - Shot by Mikhail Grabovski.
16:22 of 1st period - Shot Blocked by John Carlson.
16:33 of 1st period - Icing by Brian Rafalski.
16:34 of 1st period - Teemu Selanne wins face-off versus Andrew Ebbett in Wild zone.
16:49 of 1st period - Shot by Tomas Kopecky.
16:49 of 1st period - Stopped by Roberto Luongo without a rebound.
16:50 of 1st period - Mikhail Grabovski wins face-off versus Justin Abdelkader in Wild zone.
17:10 of 1st period - Shot by Marc-Andre Bergeron.
17:10 of 1st period - Deflect By Mikhail Grabovski.
17:10 of 1st period - Goal by Mikhail Grabovski - Wild : 1 - Avalanche : 1.
17:11 of 1st period - Joel Ward wins face-off versus Daniel Briere in neutral zone.
17:11 of 1st period - Joel Ward is hit by Teemu Selanne.
17:22 of 1st period - Teemu Selanne is hit by Jay Leach and loses puck.
17:24 of 1st period - Minor Penalty to Jay Leach for Hooking.
17:25 of 1st period - Olli Jokinen wins face-off versus Bobby Ryan in Wild zone.
17:26 of 1st period - Shot by John Carlson.
17:26 of 1st period - Stopped by Roberto Luongo without a rebound.
17:27 of 1st period - Bobby Ryan wins face-off versus Daniel Briere in Wild zone.
18:13 of 1st period - Icing by T.J. Oshie.
18:14 of 1st period - Nik Antropov wins face-off versus Daniel Briere in Avalanche zone.
19:15 of 1st period - Shot by Milan Hejduk.
19:15 of 1st period - Shot Misses the Net.
19:44 of 1st period - Nik Antropov is hit by Paul Mara and loses puck.
19:48 of 1st period - Icing by Michael Sauer.
19:49 of 1st period - Mikhail Grabovski wins face-off versus Derek Stepan in Avalanche zone.
19:49 of 1st period - Michal Rozsival is hit by Paul Mara and loses puck.

Period #2

0:01 of 2nd period - Bobby Ryan wins face-off versus Daniel Briere in neutral zone.
0:04 of 2nd period - Shot by Ryan Whitney.
0:04 of 2nd period - Stopped by Semyon Varlamov without a rebound.
0:05 of 2nd period - Mikhail Grabovski wins face-off versus Olli Jokinen in Avalanche zone.
0:10 of 2nd period - Shot by Ruslan Fedotenko.
0:10 of 2nd period - Stopped by Semyon Varlamov without a rebound.
0:11 of 2nd period - Daniel Briere wins face-off versus Bobby Ryan in Avalanche zone.
0:23 of 2nd period - Shot by Daniel Briere.
0:23 of 2nd period - Shot Misses the Net.
0:33 of 2nd period - Shot by Dustin Penner.
0:33 of 2nd period - Stopped by Semyon Varlamov with a rebound.
0:35 of 2nd period - Shot by Ryan Whitney.
0:35 of 2nd period - Stopped by Semyon Varlamov without a rebound.
0:36 of 2nd period - Olli Jokinen wins face-off versus Mikhail Grabovski in Avalanche zone.
0:46 of 2nd period - John Carlson is hit by Ruslan Fedotenko and loses puck.
1:16 of 2nd period - Shot by Vinny Prospal.
1:16 of 2nd period - Stopped by Roberto Luongo without a rebound.
1:17 of 2nd period - Dustin Penner wins face-off versus Daniel Briere in Wild zone.
1:23 of 2nd period - Erik Cole is hit by Kevin Klein and loses puck.
1:24 of 2nd period - Minor Penalty to Kevin Klein for Cross-checking.
1:25 of 2nd period - Justin Abdelkader wins face-off versus Bobby Ryan in Avalanche zone.
1:47 of 2nd period - Icing by Ryan Whitney.
1:48 of 2nd period - Bobby Ryan wins face-off versus Derek Stepan in Wild zone.
2:40 of 2nd period - Shot by Joni Pitkanen.
2:40 of 2nd period - Shot Misses the Net.
2:42 of 2nd period - Shot by Chad LaRose.
2:42 of 2nd period - Shot Hit the Post.
2:44 of 2nd period - Shot by Mikhail Grabovski.
2:44 of 2nd period - Stopped by Semyon Varlamov with a rebound.
2:48 of 2nd period - Shot by Mikhail Grabovski.
2:48 of 2nd period - Shot Misses the Net.
2:54 of 2nd period - Shot by Mikhail Grabovski.
2:54 of 2nd period - Shot Misses the Net.
3:06 of 2nd period - Shot by Brian Rafalski.
3:06 of 2nd period - Shot Misses the Net.
3:10 of 2nd period - Shot by Erik Cole.
3:10 of 2nd period - Shot Misses the Net.
3:12 of 2nd period - Shot by Erik Cole.
3:12 of 2nd period - Stopped by Semyon Varlamov without a rebound.
3:13 of 2nd period - Mikhail Grabovski wins face-off versus Justin Abdelkader in Avalanche zone.
3:14 of 2nd period - Shot by Marc-Andre Bergeron.
3:14 of 2nd period - Shot Misses the Net.
3:16 of 2nd period - Shot by Joni Pitkanen.
3:16 of 2nd period - Shot Misses the Net.
3:20 of 2nd period - Shot by Mikhail Grabovski.
3:20 of 2nd period - Shot Blocked by Paul Mara.
3:22 of 2nd period - Shot by Mikhail Grabovski.
3:22 of 2nd period - Goal by Mikhail Grabovski - Wild : 2 - Avalanche : 1.
3:23 of 2nd period - Nik Antropov wins face-off versus Daniel Briere in neutral zone.
3:26 of 2nd period - Daniel Briere is hit by Chad LaRose and loses puck.
3:39 of 2nd period - Shot by Daniel Briere.
3:39 of 2nd period - Deflect By T.J. Oshie.
3:39 of 2nd period - Stopped by Roberto Luongo without a rebound.
3:40 of 2nd period - Erik Cole wins face-off versus Daniel Briere in Wild zone.
4:49 of 2nd period - Brian Willsie is hit by Paul Mara.
5:40 of 2nd period - Shot by Tomas Kopecky.
5:40 of 2nd period - Stopped by Roberto Luongo without a rebound.
5:41 of 2nd period - Derek Stepan wins face-off versus Bobby Ryan in Wild zone.
5:45 of 2nd period - Icing by Ryan Whitney.
5:46 of 2nd period - Derek Stepan wins face-off versus Bobby Ryan in Wild zone.
5:47 of 2nd period - Shot by Mike Knuble.
5:47 of 2nd period - Shot Misses the Net.
5:49 of 2nd period - Shot by Kevin Shattenkirk.
5:49 of 2nd period - Deflect By Justin Abdelkader.
5:49 of 2nd period - Stopped by Roberto Luongo without a rebound.
5:50 of 2nd period - Derek Stepan wins face-off versus Mikhail Grabovski in Wild zone.
5:53 of 2nd period - Shot by Mike Knuble.
5:53 of 2nd period - Stopped by Roberto Luongo without a rebound.
5:54 of 2nd period - Nik Antropov wins face-off versus Derek Stepan in Wild zone.
6:01 of 2nd period - Shot by Nik Antropov.
6:01 of 2nd period - Shot Misses the Net.
6:04 of 2nd period - Icing by Mike Knuble.
6:05 of 2nd period - Mikhail Grabovski wins face-off versus Derek Stepan in Avalanche zone.
6:05 of 2nd period - Brian Willsie is hit by Michael Sauer.
6:37 of 2nd period - Icing by Joni Pitkanen.
6:38 of 2nd period - Mikhail Grabovski wins face-off versus T.J. Oshie in Wild zone.
6:49 of 2nd period - Shot by T.J. Oshie.
6:49 of 2nd period - Stopped by Roberto Luongo without a rebound.
6:50 of 2nd period - Bobby Ryan wins face-off versus Olli Jokinen in Wild zone.
7:50 of 2nd period - Off-side.
7:51 of 2nd period - Daniel Briere wins face-off versus Nik Antropov in neutral zone.
8:33 of 2nd period - Ruslan Fedotenko is hit by T.J. Oshie and loses puck.
9:02 of 2nd period - Shot by Mikhail Grabovski.
9:02 of 2nd period - Stopped by Semyon Varlamov without a rebound.
9:03 of 2nd period - Bobby Ryan wins face-off versus Derek Stepan in Avalanche zone.
9:20 of 2nd period - Shot by Dustin Penner.
9:20 of 2nd period - Stopped by Semyon Varlamov with a rebound.
9:30 of 2nd period - Shot by Derek Stepan.
9:30 of 2nd period - Shot Blocked by Brian Rafalski.
9:31 of 2nd period - Minor Penalty to Brian Rafalski for Tripping.
9:32 of 2nd period - Olli Jokinen wins face-off versus Nik Antropov in Wild zone.
9:45 of 2nd period - Shot by John Carlson.
9:45 of 2nd period - Shot Blocked by Joni Pitkanen.
9:47 of 2nd period - Shot by Jason Demers.
9:47 of 2nd period - Shot Blocked by Joni Pitkanen.
10:01 of 2nd period - Shot by Milan Hejduk.
10:01 of 2nd period - Stopped by Roberto Luongo without a rebound.
10:02 of 2nd period - Daniel Briere wins face-off versus Nik Antropov in Wild zone.
10:09 of 2nd period - Shot by Kevin Shattenkirk.
10:09 of 2nd period - Stopped by Roberto Luongo without a rebound.
10:10 of 2nd period - Nik Antropov wins face-off versus Olli Jokinen in Wild zone.
10:23 of 2nd period - Bobby Ryan is hit by Kevin Klein and loses puck.
11:38 of 2nd period - Shot by Derek Stepan.
11:38 of 2nd period - Shot Misses the Net.
11:42 of 2nd period - Shot by Derek Stepan.
11:42 of 2nd period - Shot Blocked by Jay Leach.
11:46 of 2nd period - Shot by Tomas Kopecky.
11:46 of 2nd period - Stopped by Roberto Luongo without a rebound.
11:47 of 2nd period - Derek Stepan wins face-off versus Mikhail Grabovski in Wild zone.
12:00 of 2nd period - Shot by Justin Abdelkader.
12:00 of 2nd period - Shot Misses the Net.
12:02 of 2nd period - Shot by Michael Sauer.
12:02 of 2nd period - Shot Misses the Net.
12:06 of 2nd period - Shot by Mike Knuble.
12:06 of 2nd period - Shot Misses the Net.
12:08 of 2nd period - Shot by Mike Knuble.
12:08 of 2nd period - Shot Misses the Net.
12:12 of 2nd period - Shot by Mike Knuble.
12:12 of 2nd period - Deflect By Derek Stepan.
12:12 of 2nd period - Stopped by Roberto Luongo with a rebound.
12:16 of 2nd period - Shot by Derek Stepan.
12:16 of 2nd period - Shot Blocked by Marc-Andre Bergeron.
13:15 of 2nd period - Minor Penalty to Vinny Prospal for Roughing.
13:16 of 2nd period - Derek Stepan wins face-off versus Bobby Ryan in Avalanche zone.
13:35 of 2nd period - Shot by Brian Rafalski.
13:35 of 2nd period - Goal by Brian Rafalski - Wild : 3 - Avalanche : 1.
13:36 of 2nd period - Olli Jokinen wins face-off versus Mikhail Grabovski in neutral zone.
13:49 of 2nd period - Double Minor Penalty to Ruslan Fedotenko for Roughing.
13:50 of 2nd period - Daniel Briere wins face-off versus Bobby Ryan in Wild zone.
13:53 of 2nd period - Shot by Teemu Selanne.
13:53 of 2nd period - Shot Misses the Net.
13:55 of 2nd period - Shot by Daniel Briere.
13:55 of 2nd period - Shot Misses the Net.
13:57 of 2nd period - Shot by Teemu Selanne.
13:57 of 2nd period - Shot Misses the Net.
14:16 of 2nd period - Shot by Kevin Shattenkirk.
14:16 of 2nd period - Stopped by Roberto Luongo without a rebound.
14:17 of 2nd period - Nik Antropov wins face-off versus Olli Jokinen in Wild zone.
15:08 of 2nd period - Off-side.
15:09 of 2nd period - Daniel Briere wins face-off versus Mikhail Grabovski in neutral zone.
15:18 of 2nd period - Shot by Teemu Selanne.
15:18 of 2nd period - Stopped by Roberto Luongo without a rebound.
15:19 of 2nd period - Daniel Briere wins face-off versus Bobby Ryan in Wild zone.
15:42 of 2nd period - Joni Pitkanen is hit by T.J. Oshie and loses puck.
16:01 of 2nd period - Shot by Erik Cole.
16:01 of 2nd period - Shot Misses the Net.
16:04 of 2nd period - Icing by Kevin Klein.
16:05 of 2nd period - Mikhail Grabovski wins face-off versus Olli Jokinen in Avalanche zone.
16:27 of 2nd period - Icing by Mike Knuble.
16:28 of 2nd period - Olli Jokinen wins face-off versus Nik Antropov in Avalanche zone.
16:44 of 2nd period - Icing by Michael Sauer.
16:45 of 2nd period - Daniel Briere wins face-off versus Bobby Ryan in Avalanche zone.
17:05 of 2nd period - Off-side.
17:06 of 2nd period - Olli Jokinen wins face-off versus Bobby Ryan in neutral zone.
17:16 of 2nd period - Icing by Paul Mara.
17:17 of 2nd period - Bobby Ryan wins face-off versus Olli Jokinen in Avalanche zone.
17:51 of 2nd period - Mikhail Grabovski is hit by Kevin Shattenkirk and loses puck.
17:58 of 2nd period - Shot by Chad LaRose.
17:58 of 2nd period - Stopped by Semyon Varlamov without a rebound.
17:59 of 2nd period - Bobby Ryan wins face-off versus Derek Stepan in Avalanche zone.
18:51 of 2nd period - Shot by Brian Willsie.
18:51 of 2nd period - Stopped by Semyon Varlamov without a rebound.
18:52 of 2nd period - Bobby Ryan wins face-off versus Daniel Briere in Avalanche zone.
19:13 of 2nd period - Shot by Daniel Briere.
19:13 of 2nd period - Stopped by Roberto Luongo without a rebound.
19:14 of 2nd period - Vinny Prospal wins face-off versus Mikhail Grabovski in Wild zone.
19:23 of 2nd period - Shot by Milan Hejduk.
19:23 of 2nd period - Goal by Milan Hejduk - Wild : 3 - Avalanche : 2.
19:24 of 2nd period - Nik Antropov wins face-off versus Olli Jokinen in neutral zone.

Period #3

0:01 of 3rd period - Bobby Ryan wins face-off versus Daniel Briere in neutral zone.
0:20 of 3rd period - Shot by Teemu Selanne.
0:20 of 3rd period - Shot Misses the Net.
0:27 of 3rd period - Icing by Ryan Whitney.
0:28 of 3rd period - Milan Hejduk wins face-off versus Bobby Ryan in Wild zone.
0:36 of 3rd period - Icing by Ryan Whitney.
0:37 of 3rd period - Bobby Ryan wins face-off versus Derek Stepan in Wild zone.
0:59 of 3rd period - Shot by Derek Stepan.
0:59 of 3rd period - Stopped by Roberto Luongo without a rebound.
1:00 of 3rd period - Olli Jokinen wins face-off versus Mikhail Grabovski in Wild zone.
1:01 of 3rd period - Shot by John Carlson.
1:01 of 3rd period - Shot Blocked by Michal Rozsival.
1:05 of 3rd period - Shot by Milan Hejduk.
1:05 of 3rd period - Stopped by Roberto Luongo without a rebound.
1:06 of 3rd period - Nik Antropov wins face-off versus Daniel Briere in Wild zone.
1:53 of 3rd period - Minor Penalty to Ruslan Fedotenko for Hooking.
1:54 of 3rd period - Bobby Ryan wins face-off versus Olli Jokinen in Wild zone.
2:05 of 3rd period - Shot by Olli Jokinen.
2:05 of 3rd period - Stopped by Roberto Luongo without a rebound.
2:06 of 3rd period - Olli Jokinen wins face-off versus Bobby Ryan in Wild zone.
2:31 of 3rd period - Shot by Jason Demers.
2:31 of 3rd period - Stopped by Roberto Luongo without a rebound.
2:32 of 3rd period - Daniel Briere wins face-off versus Nik Antropov in Wild zone.
2:53 of 3rd period - Daniel Briere is hit by Michal Rozsival and loses puck.
3:24 of 3rd period - Brian Rafalski is hit by Mike Knuble and loses puck.
5:52 of 3rd period - Icing by Kevin Klein.
5:53 of 3rd period - Dustin Penner wins face-off versus Daniel Briere in Avalanche zone.
6:20 of 3rd period - Shot by Erik Cole.
6:20 of 3rd period - Deflect By Dustin Penner.
6:20 of 3rd period - Stopped by Semyon Varlamov without a rebound.
6:21 of 3rd period - Mikhail Grabovski wins face-off versus Shawn Horcoff in Avalanche zone.
6:38 of 3rd period - Shot by Mikhail Grabovski.
6:38 of 3rd period - Deflect By Brian Willsie.
6:38 of 3rd period - Shot Hit the Post.
6:48 of 3rd period - Shot by Bryan Bickell.
6:48 of 3rd period - Stopped by Roberto Luongo without a rebound.
6:49 of 3rd period - Justin Abdelkader wins face-off versus Bobby Ryan in Wild zone.
6:55 of 3rd period - Derek Stepan is hit by Brian Rafalski and loses puck.
7:16 of 3rd period - Shot by Bobby Ryan.
7:16 of 3rd period - Stopped by Semyon Varlamov without a rebound.
7:17 of 3rd period - Olli Jokinen wins face-off versus Chad LaRose in Avalanche zone.
7:31 of 3rd period - Minor Penalty to Vinny Prospal for Slashing.
7:32 of 3rd period - Derek Stepan wins face-off versus Mikhail Grabovski in Avalanche zone.
7:55 of 3rd period - Paul Mara is hit by Ruslan Fedotenko and loses puck.
8:14 of 3rd period - Shot by Bobby Ryan.
8:14 of 3rd period - Goal by Bobby Ryan - Wild : 4 - Avalanche : 2.
8:15 of 3rd period - Nik Antropov wins face-off versus Olli Jokinen in neutral zone.
8:29 of 3rd period - Vinny Prospal is hit by Jassen Cullimore and loses puck.
8:32 of 3rd period - Shot by Milan Hejduk.
8:32 of 3rd period - Shot Blocked by Jay Leach.
8:36 of 3rd period - Shot by Milan Hejduk.
8:36 of 3rd period - Stopped by Roberto Luongo without a rebound.
8:37 of 3rd period - Bobby Ryan wins face-off versus Daniel Briere in Wild zone.
8:48 of 3rd period - Kevin Klein is hit by Erik Cole.
8:49 of 3rd period - Icing by Kevin Klein.
8:50 of 3rd period - Mikhail Grabovski wins face-off versus Daniel Briere in Avalanche zone.
9:03 of 3rd period - Shot by T.J. Oshie.
9:03 of 3rd period - Shot Misses the Net.
9:05 of 3rd period - Shot by Teemu Selanne.
9:05 of 3rd period - Shot Misses the Net.
9:42 of 3rd period - Icing by Kevin Shattenkirk.
9:43 of 3rd period - Daniel Briere wins face-off versus Dustin Penner in Avalanche zone.
9:43 of 3rd period - Daniel Briere is hit by Erik Cole.
9:52 of 3rd period - Icing by Bobby Ryan.
9:53 of 3rd period - Dustin Penner wins face-off versus Olli Jokinen in Wild zone.
10:05 of 3rd period - Erik Cole is hit by Jason Demers and loses puck.
10:14 of 3rd period - Shot by Bobby Ryan.
10:14 of 3rd period - Shot Misses the Net.
10:18 of 3rd period - Shot by Bobby Ryan.
10:18 of 3rd period - Shot Blocked by John Carlson.
10:39 of 3rd period - Icing by Milan Hejduk.
10:40 of 3rd period - Olli Jokinen wins face-off versus Nik Antropov in Avalanche zone.
10:40 of 3rd period - Milan Hejduk is hit by Nik Antropov and loses puck.
10:59 of 3rd period - Shot by Nik Antropov.
10:59 of 3rd period - Stopped by Semyon Varlamov without a rebound.
11:00 of 3rd period - Derek Stepan wins face-off versus Mikhail Grabovski in Avalanche zone.
11:26 of 3rd period - Joni Pitkanen is hit by Paul Mara and loses puck.
12:15 of 3rd period - Paul Mara is hit by Chad LaRose and loses puck.
12:40 of 3rd period - Shot by T.J. Oshie.
12:40 of 3rd period - Stopped by Roberto Luongo without a rebound.
12:41 of 3rd period - Bobby Ryan wins face-off versus Shawn Horcoff in Wild zone.
12:41 of 3rd period - Bobby Ryan is hit by Bryan Bickell.
13:09 of 3rd period - Shot by Bobby Ryan.
13:09 of 3rd period - Stopped by Semyon Varlamov without a rebound.
13:10 of 3rd period - Olli Jokinen wins face-off versus Mikhail Grabovski in Avalanche zone.
13:35 of 3rd period - Shot by Mikhail Grabovski.
13:35 of 3rd period - Stopped by Semyon Varlamov without a rebound.
13:36 of 3rd period - Daniel Briere wins face-off versus Bobby Ryan in Avalanche zone.
13:40 of 3rd period - Teemu Selanne is hit by Erik Cole and loses puck.
13:44 of 3rd period - T.J. Oshie is hit by Brian Rafalski and loses puck.
13:56 of 3rd period - Minor Penalty to Ryan Whitney for Interference.
13:57 of 3rd period - Dustin Penner wins face-off versus Daniel Briere in Wild zone.
13:57 of 3rd period - Dustin Penner is hit by T.J. Oshie.
14:21 of 3rd period - Erik Cole is hit by Daniel Briere and loses puck.
14:57 of 3rd period - Shot by Mike Knuble.
14:57 of 3rd period - Stopped by Roberto Luongo without a rebound.
14:58 of 3rd period - Olli Jokinen wins face-off versus Nik Antropov in Wild zone.
15:23 of 3rd period - Shot by Olli Jokinen.
15:23 of 3rd period - Stopped by Roberto Luongo without a rebound.
15:24 of 3rd period - Bobby Ryan wins face-off versus Daniel Briere in Wild zone.
16:06 of 3rd period - Shot by Joni Pitkanen.
16:06 of 3rd period - Shot Misses the Net.
16:18 of 3rd period - Shot by Olli Jokinen.
16:18 of 3rd period - Stopped by Roberto Luongo without a rebound.
16:19 of 3rd period - Mikhail Grabovski wins face-off versus Daniel Briere in Wild zone.
17:55 of 3rd period - Shot by Vinny Prospal.
17:55 of 3rd period - Shot Blocked by Jay Leach.
18:01 of 3rd period - Shot by T.J. Oshie.
18:01 of 3rd period - Stopped by Roberto Luongo without a rebound.
18:02 of 3rd period - Bobby Ryan wins face-off versus Daniel Briere in Wild zone.
18:14 of 3rd period - Kevin Klein is hit by Brian Rafalski and loses puck.
18:21 of 3rd period - Shot by Tomas Kopecky.
18:21 of 3rd period - Goal by Tomas Kopecky - Wild : 4 - Avalanche : 3.
18:22 of 3rd period - Nik Antropov wins face-off versus Olli Jokinen in neutral zone.
18:30 of 3rd period - Joel Ward is hit by T.J. Oshie and loses puck.
18:46 of 3rd period - Minor Penalty to Jay Leach for Holding.
18:47 of 3rd period - Bobby Ryan wins face-off versus Daniel Briere in Wild zone.
18:53 of 3rd period - Icing by Jason Demers.
18:54 of 3rd period - Daniel Briere wins face-off versus Bobby Ryan in Avalanche zone.
19:05 of 3rd period - Avalanche, Semyon Varlamov is pulled from the net.
19:07 of 3rd period - Shot by Daniel Briere.
19:07 of 3rd period - Deflect By Teemu Selanne.
19:07 of 3rd period - Stopped by Roberto Luongo without a rebound.
19:08 of 3rd period - Nik Antropov wins face-off versus Daniel Briere in Wild zone.


Output by the SimonT Hockey Simulator (STHS) for Stephane Roy -- Original Page W3C XHTML 1.0 Valid